Map: Catalyst LE

Players

SoulSpirit

  • Race: Zerg Zerg
  • League: Grandmaster
  • Spawn Location: 5:00

lIlIlIlIlIlI - Winner!

  • Race: Terran Terran
  • League: Master
  • Spawn Location: 11:00

VOD

Have the link to the VOD?

Description

Time

  • Played on: Aug. 11, 2018, 9:03 p.m.
  • Length: 15:10
Show
View Real Time Build Order
Export as new Build Order

SoulSpirit Zerg 

Build Orders: Hatch First 

Get SALT Encoding   

  12  0:01  Drone  
  13  0:12  Overlord  
  13  0:17  Drone  
  14  0:30  Drone x2  
  14  0:35  Drone  
  17  0:52  Hatchery  
  17  0:55  Drone  
  17  0:58  Drone  
  18  1:09  Extractor  
  17  1:13  Spawning Pool  
  17  1:16  Drone  
  17  1:20  Drone  
  18  1:28  Drone  
  19  1:40  Overlord  
  19  1:59  Queen  
  19  2:00  Zergling x4  
  23  2:04  Queen, Zergling x2  
  26  2:08  Metabolic Boost  
  26  2:11  Drone  
  27  2:29  Hatchery  
  26  2:32  Drone  
  26  2:35  Drone  
  28  2:37  Drone  
  28  2:42  Drone  
  28  2:43  Drone  
  31  2:47  Drone  
  32  2:54  Overlord  
  32  2:58  Drone x2  
  34  3:04  Drone  
  35  3:11  Queen  
  35  3:12  Drone x2  
  38  3:13  Drone  
  39  3:22  Drone x3  
  42  3:31  Zergling x4  
  44  3:43  Overlord x2  
  44  3:44  Queen  
  44  3:46  Drone  
  44  3:47  Drone x3  
  50  4:01  Queen  
  51  4:02  Zergling x2  
  51  4:03  Zergling x8, Roach Warren  
  51  4:05  Zergling x2  
  51  4:06  Zergling x2  
  56  4:17  Extractor  
  56  4:19  Drone x2  
  56  4:20  Drone x4, Spore Crawler  
  60  4:26  Queen  
  62  4:31  Overlord  
  62  4:35  Spore Crawler  
  62  4:36  Spore Crawler  
  62  4:37  Lair  
  60  4:39  Drone  
  60  4:41  Drone  
  60  4:43  Drone  
  63  4:51  Drone x4  
  66  4:58  Overlord  
  66  5:01  Drone x2  
  66  5:03  Evolution Chamber x2  
  66  5:17  Drone  
  67  5:22  Drone x5  
  67  5:24  Drone x4  
  76  5:28  Zerg Ground Armor Level 1, Zerg Missile Weapons Level 1  
  76  5:29  Extractor  
  75  5:40  Roach  
  75  5:41  Roach x2, Glial Reconstitution  
  81  5:43  Overlord x2  
  81  5:44  Overlord  
  81  5:46  Extractor, Overlord  
  81  5:49  Extractor  
  79  5:55  Roach  
  81  6:02  Roach  
  81  6:03  Roach x4  
  91  6:05  Roach  
  91  6:06  Zergling x8  
  91  6:10  Overseer  
  97  6:23  Roach x4  
  105  6:28  Overlord  
  105  6:36  Hatchery  
  105  6:37  Overlord x2  
  104  6:41  Overlord  
  104  6:51  Overlord  
  104  6:56  Overlord  
  104  6:57  Ravager x3  
  104  6:59  Roach x2  
  110  7:09  Extractor, Drone x4  
  110  7:11  Roach  
  110  7:12  Roach  
  110  7:14  Ravager  
  118  7:26  Drone  
  118  7:28  Hydralisk Den  
  118  7:31  Drone x3  
  118  7:32  Drone x3  
  123  7:47  Hatchery  
  123  7:49  Zerg Missile Weapons Level 2  
  118  7:59  Muscular Augments  
  118  8:02  Infestation Pit, Drone x6  
  118  8:03  Queen  
  125  8:10  Hydralisk x3  
  125  8:11  Overlord x3  
  131  8:25  Zerg Ground Armor Level 2  
  130  8:31  Hydralisk  
  130  8:32  Hydralisk x2  
  136  8:39  Hydralisk x2  
  140  8:50  Hive  
  140  8:55  Extractor  
  139  8:56  Hydralisk x3  
  139  8:57  Extractor  
  144  9:07  Drone x4  
  144  9:08  Drone  
  149  9:10  Hydralisk x4  
  155  9:22  Hydralisk x5  
  162  9:28  Overlord  
  162  9:30  Overseer  
  161  9:37  Grooved Spines  
  157  9:40  Roach  
  157  9:41  Roach x4  
  157  9:48  Roach x6  
  169  9:56  Ravager  
  170  10:01  Viper  
  151  10:16  Hydralisk x9  
  151  10:19  Roach x3  
  148  10:34  Hydralisk x4  
  143  10:39  Hydralisk x2  
  143  10:47  Hydralisk x2  
  147  11:00  Hatchery  
  132  11:16  Hydralisk  
  132  11:17  Hydralisk x5  
  119  11:28  Hydralisk x3  
  119  11:29  Hydralisk  
  127  11:43  Hydralisk, Hatchery  
  127  11:45  Hydralisk  
  130  11:51  Roach x2  
  134  11:57  Viper  
  134  11:58  Viper  
  140  12:01  Drone x2  
  142  12:10  Zerg Missile Weapons Level 3  
  142  12:16  Hydralisk  
  142  12:17  Hydralisk  
  142  12:21  Hydralisk  
  148  12:32  Hydralisk  
  148  12:33  Hydralisk x3  
  156  12:41  Overlord x3  
  154  12:59  Hydralisk x2, Hatchery  
  154  13:00  Extractor  
  154  13:03  Hydralisk x2  
  160  13:08  Hydralisk x2, Extractor  
  160  13:11  Hydralisk  
  165  13:24  Hydralisk x2  
  169  13:27  Overlord  
  169  13:33  Hydralisk x2  
  173  13:36  Hydralisk  
  173  13:37  Hydralisk  
  173  13:40  Hydralisk  
  179  13:43  Hydralisk  
  179  13:44  Hydralisk  
  183  13:52  Hydralisk x2  
  183  13:55  Overlord  
  187  14:09  Hydralisk x6  
  189  14:17  Hydralisk x3  
  195  14:37  Hydralisk x5  
Show
View Real Time Build Order
Export as new Build Order

lIlIlIlIlIlI Terran - Winner!

Build Orders: Hellion Banshee, Mech 

Get SALT Encoding   

  12  0:01  SCV  
  13  0:13  SCV  
  14  0:18  Supply Depot  
  14  0:25  SCV  
  14  0:28  Refinery  
  15  0:39  SCV  
  16  0:45  Barracks  
  16  0:52  SCV  
  17  1:04  SCV  
  18  1:16  SCV  
  19  1:31  Orbital Command  
  19  1:32  Barracks Reactor  
  19  1:44  Command Center  
  19  1:54  Factory  
  19  1:57  SCV  
  20  2:05  Supply Depot  
  20  2:10  SCV  
  20  2:13  Refinery  
  20  2:15  Marine  
  22  2:22  SCV  
  24  2:34  SCV  
  24  2:43  Hellion x2  
  28  2:46  SCV  
  28  2:49  Starport  
  29  2:53  Barracks Tech Lab  
  29  2:58  SCV  
  30  3:07  Hellion x2  
  30  3:10  SCV  
  35  3:15  Orbital Command  
  35  3:22  SCV  
  36  3:29  Hellion  
  36  3:30  Hellion  
  36  3:33  Banshee  
  43  3:34  SCV  
  44  3:41  Supply Depot  
  44  3:42  SCV  
  44  3:46  SCV  
  46  3:59  Armory  
  46  4:03  SCV x2  
  46  4:04  Supply Depot  
  46  4:08  Supply Depot  
  48  4:15  SCV x2  
  48  4:16  Raven  
  52  4:26  Cyclone  
  52  4:27  SCV x2  
  52  4:28  Cyclone  
  60  4:36  Command Center  
  60  4:39  SCV  
  60  4:42  Supply Depot  
  60  4:45  SCV, Refinery  
  62  4:53  Terran Vehicle Weapons Level 1  
  62  4:58  Hellion  
  64  5:01  SCV, Hellion  
  64  5:05  Medivac  
  64  5:06  SCV  
  70  5:09  Refinery  
  70  5:13  SCV  
  71  5:18  SCV  
  71  5:19  Supply Depot  
  71  5:20  Factory  
  74  5:21  Hellion  
  74  5:22  Hellion  
  74  5:25  SCV  
  77  5:30  SCV  
  78  5:39  Barracks Tech Lab  
  78  5:40  SCV  
  78  5:41  Factory  
  78  5:42  SCV  
  80  5:43  Supply Depot  
  80  5:44  Hellion x2  
  84  5:53  SCV  
  84  5:54  Orbital Command  
  84  5:55  Supply Depot  
  85  6:02  SCV  
  86  6:08  SCV  
  86  6:09  Starport Reactor  
  87  6:19  SCV  
  87  6:22  Cyclone x2  
  87  6:24  SCV  
  96  6:32  SCV  
  96  6:41  Siege Tank, Factory  
  96  6:42  Supply Depot, Factory  
  99  6:49  Orbital Command  
  99  6:50  SCV x2  
  103  6:54  Hellion x2  
  103  6:55  Siege Tank  
  103  6:57  Supply Depot  
  103  6:59  Viking, Medivac  
  103  7:01  Refinery  
  112  7:02  SCV x2  
  112  7:14  Supply Depot, SCV x2, Refinery  
  112  7:15  SCV  
  115  7:16  Supply Depot  
  115  7:18  Siege Tank  
  115  7:19  Hellion  
  120  7:23  Terran Vehicle Weapons Level 2  
  120  7:26  SCV x2  
  120  7:27  SCV  
  120  7:28  Refinery  
  123  7:38  Supply Depot, SCV  
  123  7:40  Factory Tech Lab, Factory Reactor  
  123  7:41  Medivac  
  126  7:47  Hellion x3  
  126  7:48  SCV  
  126  7:50  SCV  
  132  7:55  SCV  
  127  8:00  SCV  
  127  8:01  Hellion  
  127  8:03  Supply Depot  
  133  8:05  Supply Depot  
  133  8:08  Hellion  
  133  8:09  Hellion  
  133  8:11  SCV  
  133  8:12  Supply Depot  
  141  8:13  SCV  
  141  8:17  Thor  
  141  8:18  Thor  
  148  8:20  Hellion x2  
  148  8:22  Hellion  
  148  8:23  SCV  
  148  8:25  Supply Depot  
  155  8:30  Hellion x2  
  159  8:37  Medivac  
  160  8:42  Hellion x2  
  160  8:43  Siege Tank  
  160  8:47  Supply Depot  
  167  8:48  Supply Depot  
  167  8:50  Supply Depot  
  167  8:51  Hellion x2  
  167  8:54  Armory  
  171  9:00  Siege Tank  
  171  9:01  Command Center, Siege Tank  
  177  9:06  Cyclone  
  180  9:16  Cyclone  
  185  9:17  Hellbat  
  185  9:18  Supply Depot  
  185  9:25  Hellbat, Cyclone  
  190  9:32  Cyclone  
  190  9:34  Hellbat  
  190  9:38  Cyclone x2  
  179  9:46  Cyclone  
  179  9:52  Cyclone  
  185  9:55  Hellbat  
  185  9:57  Cyclone  
  190  10:04  Hellbat  
  192  10:10  Cyclone  
  192  10:11  Hellbat  
  179  10:16  Cyclone  
  179  10:19  Hellbat  
  173  10:24  Cyclone  
  173  10:26  Hellbat  
  166  10:29  Hellbat  
  166  10:32  Cyclone  
  156  10:36  Terran Vehicle Weapons Level 3  
  156  10:40  Siege Tank  
  159  10:45  Refinery  
  159  10:47  Command Center, Refinery  
  159  10:48  Cyclone  
  159  10:49  Hellbat  
  160  11:03  Cyclone  
  160  11:04  Hellbat  
  165  11:08  Cyclone  
  165  11:09  Hellbat  
  165  11:10  Cyclone  
  162  11:12  Hellbat  
  138  11:20  Cyclone  
  138  11:25  Hellbat  
  118  11:30  Siege Tank  
  113  11:33  Hellbat, Orbital Command  
  115  11:41  Viking x2  
  115  11:42  Siege Tank  
  122  11:47  Terran Vehicle And Ship Armor Level 1  
  122  11:48  Engineering Bay  
  122  11:54  Siege Tank  
  122  11:58  Starport  
  122  12:00  Barracks Tech Lab  
  125  12:01  Factory  
  125  12:02  Siege Tank  
  125  12:07  Orbital Command  
  128  12:10  Hellbat  
  128  12:11  Viking  
  128  12:14  Siege Tank  
  135  12:17  Hellbat  
  137  12:26  Hellbat  
  137  12:27  Siege Tank  
  137  12:29  Missile Turret  
  142  12:34  Siege Tank, Missile Turret  
  142  12:35  Hellbat  
  147  12:38  Viking  
  149  12:46  Siege Tank  
  152  12:53  Hellbat  
  152  12:54  Hellbat  
  148  12:59  Siege Tank  
  148  13:01  Factory Tech Lab  
  148  13:03  Factory  
  151  13:06  Siege Tank  
  151  13:08  Corvid Reactor  
  154  13:13  Terran Ship Weapons Level 1  
  154  13:16  Missile Turret  
  154  13:18  Siege Tank, Missile Turret  
  154  13:19  Raven  
  161  13:27  Hellbat  
  161  13:31  Siege Tank  
  164  13:35  Command Center, Missile Turret  
  164  13:36  Thor  
  164  13:38  Siege Tank  
  164  13:39  Hellbat x2  
  177  13:42  Viking  
  177  13:46  Viking  
  181  13:50  Thor  
  181  13:54  Factory Tech Lab  
  189  14:03  Thor, Hellbat, Cyclone  
  196  14:14  Raven  
  196  14:20  Hellbat x2  
Tags
 
Add a new tag
Caveats
  • Supply blocks, unpowered buildings, or Contaminate may cause inaccurate times.
  • Supply counts are checked every 10 seconds.